 Dungeon Crawl Stone Soup version 0.28-a0-991-g956f0ee3d5 (webtiles) character file.

Game seed: 5367220915092452374

480 Decritt the Chopper (level 6, -3/56 HPs)
             Began as a Minotaur Monk on Dec 5, 2021.
             Succumbed to a gnoll's poison
             ... on level 3 of the Dungeon.
             The game lasted 00:05:29 (3416 turns).

Decritt the Chopper (Minotaur Monk)                 Turns: 3416, Time: 00:05:29

Health: -3/56      AC:  2    Str: 17    XL:     6   Next: 86%
Magic:  5/5        EV: 13    Int:  7    God:
Gold:   147        SH:  0    Dex: 13    Spells: 5/5 levels left

rFire   + . .      SeeInvis +   a - +0 hand axe
rCold   . . .      Faith    .   (no shield)
rNeg    . . .      Spirit   .   b - +0 robe
rPois   .          Reflect  .   (helmet restricted)
rElec   .          Harm     .   (no cloak)
rCorr   .          Rampage  .   (no gloves)
Will    .....                   (no boots)
Stlth   ++........              (no amulet)
HPRegen 0.18/turn               k - ring of protection from fire
MPRegen 0.09/turn               m - ring of see invisible

@: lethally poisoned (-3 -> -27)
A: horns 2, retaliatory headbutt
a: no special abilities


You were on level 3 of the Dungeon.
You visited 1 branch of the dungeon, and saw 4 of its levels.

You collected 147 gold pieces.

Inventory:

Hand Weapons
 a - a +0 hand axe (weapon)
Missiles
 e - 19 poisoned darts
Armour
 b - a +0 robe (worn)
Jewellery
 k - a ring of protection from fire (left hand)
 m - a ring of see invisible (right hand)
Wands
 j - a wand of acid (7)
Scrolls
 d - 2 scrolls of magic mapping
 f - a scroll of immolation {unknown}
 i - a scroll of teleportation {unknown}
 l - a scroll of torment {unknown}
Potions
 c - 2 potions of brilliance {unknown}
 h - a potion of degeneration {unknown}


   Skills:
 + Level 5.2 Fighting
 * Level 6.5 Axes
 + Level 3.6 Armour
 + Level 4.8 Dodging
 - Level 1.5 Stealth


You had 5 spell levels left.
You didn't know any spells.
Your spell library was empty.

Dungeon Overview and Level Annotations

Branches:
Dungeon (4/15)
 Temple: D:4-7

Altars:
Ashenzari
Qazlal


Innate Abilities, Weirdness & Mutations

You have a pair of horns on your head.
You reflexively headbutt those who attack you in melee.


Message History

HP restored.
c - 2 murky blue potions (gained 1)
d - 3 scrolls labelled SIBA FUILURCH (gained 1)
Found a stone staircase leading up.
As you read the scroll labelled SIBA FUILURCH, it crumbles to dust.
You feel aware of your surroundings.
It was a scroll of magic mapping.
Unknown command.
Blink to where?
Press: ? - help, Dir - move target 2 gnolls come into view.
A gnoll is wielding a +1 spear of venom.
As you read the scroll labelled BUCELE CACOI, it crumbles to dust.
It was a scroll of blinking.
The gnoll shouts!
A gnoll comes into view. It is wielding a +0 spear.
The gnoll shouts!
There is a stone staircase leading up here.
The gnoll closely misses you.
The gnoll hits you from afar with a +1 spear of venom.
You are poisoned.
You feel sick. The gnoll hits you but does no damage.
The gnoll hits you from afar with a +1 spear of venom.
You are more poisoned.
The gnoll misses you.
You feel very sick.
The gnoll hits you from afar with a +0 spear.
* * * LOW HITPOINT WARNING * * *
The gnoll hits you from afar with a +1 spear of venom.
* * * LOW HITPOINT WARNING * * *
You are lethally poisoned!
There is a stone staircase leading up, spattered with blood here.
* * * LOW HITPOINT WARNING * * *
You feel very sick. The gnoll closely misses you.
The gnoll hits you from afar with a +1 spear of venom!
* * * LOW HITPOINT WARNING * * *
The gnoll hits you from afar with a +0 spear.
* * * LOW HITPOINT WARNING * * *
You climb upwards.
You die...

##### #...............#
....# #.....##.########
###.# #........#
#.#####.....##.#
#........(..##.#
#######.#.####.# #.#.#
#.# #.#.####.#
#..>....@# ###.######
#####.#### #........#
#.#......# ###.#.###..#
#.....# #..###########
###.#.#.###........†...#
#.....#......#########.#


There were no monsters in sight!

Vanquished Creatures
  Sigmund (D:3)
  A sky beast (D:3)
  2 scorpions
  A hound skeleton (D:2)
  3 adders
  A dart slug (D:1)
  An orc (D:3)
  6 endoplasms
  4 giant cockroaches
  6 goblins
  6 hobgoblins
  7 jackals (D:1)
  2 quokkas (D:3)
  3 ball pythons
  12 bats
  6 frilled lizards
  4 kobolds
  5 rats
71 creatures vanquished.

Notes
Turn   | Place    | Note
-------+----------+-------------------------------------------
     0 | D:1      | Decritt the Minotaur Monk began the quest for the Orb.
     0 | D:1      | Reached XP level 1. HP: 19/19 MP: 0/0
    54 | D:1      | Reached XP level 2. HP: 11/27 MP: 1/1
    56 | D:1      | Reached skill level 4 in Axes
   408 | D:1      | Reached skill level 1 in Armour
   759 | D:1      | Reached XP level 3. HP: 33/33 MP: 2/2
   974 | D:1      | Found a faded altar of an unknown god.
  1698 | D:2      | Reached XP level 4. HP: 36/40 MP: 3/3
  2144 | D:3      | Found a broken altar of Ashenzari.
  2225 | D:3      | Noticed Sigmund
  2239 | D:3      | Killed Sigmund
  2240 | D:3      | Reached skill level 5 in Axes
  2240 | D:3      | Reached XP level 5. HP: 47/47 MP: 4/4
  2329 | D:3      | Reached XP level 6. HP: 55/55 MP: 5/5
  2334 | D:3      | Found a stormy altar of Qazlal.
  2506 | D:3      | Noticed a sky beast
  2519 | D:3      | Killed a sky beast
  2520 | D:3      | Reached skill level 5 in Fighting
  2520 | D:3      | Reached skill level 6 in Axes
  3416 | D:3      | Succumbed to a gnoll's poison

Illustrated notes

Levels and vault maps discovered:
D:1:      giann_forest_graveyard, layout_basic,
          shapermc_ecumenical_altar_pompeii, dk_noncrumbling_4,
          minmay_misc_feat_cross
D:2:      layout_basic, serial_park_tiny_2
D:3:      layout_loops_corners, lemuel_doored_altar, ashenzari_altar_1,
          uniq_sigmund
D:4:      layout_basic

Skill      XL: |  1  2  3  4  5  6 |
---------------+-------------------+-----
Axes           | 4 5 6 |  6.5
Armour         | 1 2 3 |  3.6
Fighting       | 4 5 |  5.2
Dodging        | 4 |  4.8
Stealth        | |  1.5

Action                   |  1- 3 |  4- 6 || total
-------------------------+-------+-------++-------
Melee: Hand axe          |    59 |    98 ||   157
       Headbutt          |    10 |    18 ||    28
Throw: Dart              |    93 |       ||    93
  Use: Scroll            |       |     2 ||     2
 Stab: Sleeping          |     1 |     4 ||     5
Armor: Robe              |    16 |     7 ||    23
Dodge: Dodged            |    48 |    65 ||   113

Table legend: (Time is in decaauts)
 A = Elapsed time spent in this place.
 B = Non-inter-level travel time spent in this place.
 C = Inter-level travel time spent in this place.
 D = Time resting spent in this place.
 E = Time spent auto-exploring this place.
 F = Levels seen in this place.
 G = Mean time per level.
                   A        B        C        D        E       F      G
               +--------+--------+--------+--------+--------+-----+--------+
         Total |   3422 |   3299 |    123 |    592 |   2189 |   4 |  855.5 |
       Dungeon |   3422 |   3299 |    123 |    592 |   2189 |   4 |  855.5 |
               +--------+--------+--------+--------+--------+-----+--------+

Top non-repeatable levels by time:
     D:3: 1123 daAuts
     D:1: 1061 daAuts
     D:2: 890 daAuts
     D:4: 346 daAuts
